Map: Alcyone LE

Players

Rastafury

  • Race: Zerg Zerg
  • League: Diamond
  • Spawn Location: 7:00

llllllllllll - Winner!

  • Race: Terran Terran
  • League: Master
  • Spawn Location: 1:00

VOD

Have the link to the VOD?

Description

Revolutionary TvZ macro opening fast 4CC with standard timings

Time

  • Played on: July 5, 2024, 11:49 a.m.
  • Length: 18:29
Show
View Real Time Build Order
Export as new Build Order

Rastafury Zerg 

Build Orders: Hatch First, Roach Hydra 

Get SALT Encoding   

  12  0:00  Drone  
  13  0:12  Overlord  
  13  0:16  Drone  
  14  0:30  Drone x2  
  16  0:50  Drone  
  16  0:52  Hatchery  
  16  0:54  Drone  
  17  0:57  Drone  
  18  1:07  Extractor  
  17  1:13  Spawning Pool  
  16  1:20  Drone x2  
  18  1:28  Drone  
  19  1:40  Overlord  
  19  1:50  Drone  
  20  1:59  Queen  
  22  2:04  Queen  
  22  2:05  Zergling x4  
  26  2:14  Drone, Metabolic Boost  
  27  2:21  Drone  
  27  2:43  Queen  
  29  2:46  Queen  
  31  2:53  Drone  
  31  2:54  Drone x4  
  31  2:55  Overlord  
  36  3:09  Hatchery  
  34  3:30  Drone x6  
  34  3:31  Drone x2  
  41  3:38  Queen  
  41  3:39  Overlord  
  41  3:40  Overlord  
  43  3:46  Drone  
  44  4:00  Drone x2  
  44  4:02  Extractor, Drone x2  
  47  4:03  Drone x2  
  49  4:19  Zergling x16  
  57  4:27  Queen  
  59  4:46  Lair  
  59  4:47  Roach Warren  
  57  4:57  Drone x8  
  65  5:01  Spine Crawler  
  60  5:12  Drone x4  
  60  5:13  Drone  
  65  5:14  Evolution Chamber  
  65  5:15  Evolution Chamber  
  62  5:27  Overlord x3  
  62  5:28  Overlord x2  
  62  5:48  Roach x11  
  62  5:49  Hatchery  
  83  5:50  Zerg Missile Weapons Level 1  
  83  5:54  Extractor  
  83  5:56  Extractor  
  79  6:06  Drone x3  
  79  6:07  Drone x3  
  79  6:09  Drone x2  
  87  6:17  Zerg Ground Armor Level 1  
  87  6:29  Hydralisk Den  
  86  6:36  Drone x3  
  86  6:37  Drone x9  
  86  6:38  Extractor  
  97  6:59  Roach x4  
  97  7:00  Overlord x4  
  97  7:01  Overlord x2  
  105  7:02  Glial Reconstitution  
  105  7:03  Grooved Spines  
  105  7:09  Overseer  
  105  7:14  Queen  
  105  7:15  Queen x2  
  109  7:18  Queen  
  113  7:28  Roach x9  
  131  7:36  Baneling Nest  
  130  7:46  Drone x8  
  130  7:47  Drone x8  
  146  7:54  Muscular Augments  
  146  8:02  Extractor  
  146  8:04  Roach x3  
  151  8:06  Overlord  
  151  8:07  Overlord x5  
  151  8:24  Hatchery  
  150  8:28  Centrifugal Hooks  
  150  8:30  Zerg Missile Weapons Level 2  
  150  8:31  Zerg Ground Armor Level 2  
  150  8:33  Hydralisk x4  
  150  8:34  Hydralisk x2  
  162  8:49  Hydralisk  
  162  8:50  Hydralisk x3  
  170  8:55  Extractor, Drone  
  170  8:56  Drone x10  
  170  8:58  Extractor  
  178  9:19  Hatchery  
  178  9:23  Hydralisk  
  178  9:24  Hydralisk x9  
  195  9:36  Zergling x2  
  195  9:37  Zergling x8  
  184  10:07  Baneling  
  184  10:08  Baneling x9  
  184  10:13  Hydralisk x8  
  200  10:21  Extractor  
  200  10:22  Extractor  
  193  10:32  Spore Crawler  
  125  11:16  Spore Crawler  
  125  11:18  Roach x8  
  132  11:19  Roach x16  
  132  11:21  Queen x5  
  182  11:28  Infestation Pit  
  182  11:30  Spire  
  180  11:46  Overlord x2  
  180  11:47  Overlord  
  180  11:52  Hydralisk  
  180  11:53  Hydralisk x8  
  130  12:19  Roach  
  130  12:20  Roach x13  
  138  12:41  Mutalisk x8  
  138  12:42  Mutalisk x2  
  157  12:44  Zergling x2  
  155  13:18  Hydralisk x2  
  155  13:19  Hydralisk x11  
  181  13:36  Mutalisk  
  181  13:37  Mutalisk x2  
  186  14:05  Hive, Zerg Flyer Weapons Level 1  
  186  14:14  Hatchery  
  185  14:23  Mutalisk, Hatchery  
  185  14:24  Mutalisk x5  
  186  14:26  Zergling x2  
  186  14:27  Zergling x6  
  200  14:41  Hatchery  
  199  15:15  Mutalisk x2  
  199  15:16  Mutalisk x4  
  167  15:26  Hydralisk  
  167  15:27  Hydralisk x11  
  124  15:52  Mutalisk x2  
  124  15:53  Mutalisk x3  
  124  15:55  Drone  
  124  15:56  Drone x12  
  124  15:57  Queen  
  147  16:12  Drone x3  
  147  16:13  Drone x3  
  147  16:17  Extractor  
  152  16:19  Drone  
  152  16:20  Drone x3  
  152  16:25  Roach x2  
  160  16:26  Roach x9  
  166  16:44  Mutalisk  
  166  16:45  Mutalisk x6  
  150  17:03  Mutalisk x3  
  150  17:04  Mutalisk  
  150  17:05  Zergling x2  
  150  17:06  Zergling x18  
  160  17:13  Zergling x4  
  135  17:27  Corruptor x2  
  135  17:28  Corruptor x2  
  115  17:59  Drone  
  115  18:00  Drone x2  
Show
View Real Time Build Order
Export as new Build Order

llllllllllll Terran - Winner!

Build Orders: Reaper Expand 

Get SALT Encoding   

  12  0:00  SCV  
  13  0:12  SCV  
  14  0:17  Supply Depot  
  14  0:24  SCV  
  15  0:38  SCV  
  15  0:39  Barracks  
  16  0:44  Refinery  
  16  0:50  SCV  
  17  1:02  SCV  
  18  1:14  SCV  
  19  1:26  Reaper  
  19  1:27  Orbital Command  
  20  1:42  Command Center  
  20  1:51  Supply Depot  
  20  1:53  SCV  
  21  1:58  Marine  
  22  2:05  SCV  
  23  2:09  Factory  
  23  2:18  SCV  
  23  2:20  Barracks Reactor  
  24  2:30  SCV  
  25  2:42  SCV  
  26  2:51  Command Center  
  26  2:54  SCV  
  26  2:55  Orbital Command  
  27  3:03  Hellion  
  29  3:06  SCV  
  29  3:07  Hellion  
  32  3:16  Barracks Tech Lab  
  32  3:18  SCV  
  33  3:21  SCV  
  33  3:24  Hellion  
  36  3:28  Hellion  
  36  3:30  SCV  
  36  3:33  SCV  
  40  3:42  SCV  
  40  3:45  SCV  
  40  3:47  Barracks Tech Lab  
  40  3:48  Command Center  
  42  3:54  SCV  
  43  3:57  SCV  
  43  3:58  Barracks  
  43  4:02  Siege Tank  
  47  4:05  Refinery  
  47  4:06  SCV  
  47  4:08  Orbital Command  
  48  4:11  SCV  
  49  4:19  Starport, SCV  
  49  4:20  Marine  
  49  4:21  Refinery  
  51  4:24  SCV  
  51  4:25  Refinery  
  51  4:31  SCV  
  53  4:36  SCV x2  
  53  4:37  Marine  
  53  4:38  Stimpack  
  56  4:43  SCV  
  57  4:48  SCV  
  57  4:50  Supply Depot  
  57  4:51  Marine x2, SCV  
  60  4:55  SCV  
  60  4:59  Siege Tank, Starport Reactor  
  64  5:00  Orbital Command, Marine  
  64  5:04  SCV  
  64  5:06  Orbital Command  
  66  5:08  Marine  
  66  5:09  Marine, SCV  
  69  5:14  Supply Depot  
  69  5:17  Engineering Bay x2  
  69  5:18  Marine, SCV  
  71  5:21  SCV  
  71  5:26  Marine x2  
  71  5:28  SCV  
  75  5:30  SCV  
  75  5:31  Siege Tank  
  75  5:33  Refinery  
  79  5:36  Marine  
  79  5:39  Medivac x2  
  79  5:42  Supply Depot  
  84  5:43  Refinery  
  84  5:44  Marine x2  
  84  5:45  SCV x2  
  84  5:48  Terran Infantry Weapons Level 1  
  88  5:50  Terran Infantry Armor Level 1  
  88  5:52  SCV  
  88  5:54  Marine, SCV  
  91  5:57  SCV  
  91  6:03  Marine x2, SCV  
  95  6:07  Siege Tank  
  95  6:08  Supply Depot x3  
  98  6:11  Marine  
  98  6:17  SCV  
  98  6:18  Combat Shield  
  100  6:19  Bunker  
  100  6:26  Supply Depot  
  100  6:27  Supply Depot  
  100  6:29  Marine x2, Medivac x2, SCV  
  100  6:30  SCV x3  
  100  6:32  Marine  
  111  6:37  Supply Depot  
  111  6:41  Barracks  
  111  6:42  Siege Tank  
  115  6:47  Marine x2, SCV x2  
  115  6:51  Sensor Tower  
  118  6:59  Medivac  
  120  7:03  SCV  
  120  7:04  SCV x2  
  120  7:07  Armory  
  120  7:08  Marine x3  
  125  7:14  Siege Tank  
  125  7:15  Medivac, Orbital Command  
  131  7:19  SCV  
  131  7:21  SCV  
  131  7:22  SCV  
  134  7:26  Marine x2, Marauder  
  134  7:29  Medivac  
  140  7:31  Supply Depot  
  140  7:37  SCV x2, Concussive Shells, Missile Turret  
  140  7:42  Barracks  
  140  7:43  Barracks, Marine x2  
  144  7:44  SCV, Barracks Reactor  
  144  7:45  Medivac  
  144  7:50  Supply Depot  
  144  7:51  Sensor Tower  
  147  7:53  Siege Tank, Marauder  
  147  7:54  Supply Depot  
  147  7:58  Terran Infantry Weapons Level 2, Terran Infantry Armor Level 2  
  152  7:59  Terran Vehicle Weapons Level 1  
  152  8:01  Marine x2  
  154  8:09  SCV x2  
  154  8:12  SCV x2, Bunker  
  158  8:14  Marine  
  158  8:16  Medivac x2  
  158  8:17  Supply Depot  
  158  8:19  Marine x2  
  165  8:21  SCV x2  
  165  8:24  SCV  
  165  8:25  Siege Tank  
  171  8:27  Supply Depot  
  171  8:28  Supply Depot  
  171  8:30  Refinery x2  
  171  8:32  Marine  
  172  8:34  Missile Turret  
  172  8:41  Supply Depot, Barracks Reactor x2, Command Center  
  172  8:42  Marine x2  
  174  8:50  Marauder  
  174  8:54  Marine x2  
  178  8:57  Siege Tank  
  178  9:00  Marine, Liberator x2  
  188  9:06  Marine  
  188  9:11  Marauder  
  188  9:12  Marine x2, Command Center  
  192  9:18  Marine  
  192  9:22  Barracks  
  190  9:24  Marine, Barracks  
  190  9:25  Barracks  
  190  9:29  Marine x2, Siege Tank  
  195  9:32  Marine x2  
  195  9:33  Marine, Marauder  
  199  10:03  Marine x2, Marauder  
  199  10:04  Marine  
  200  10:08  Terran Vehicle Weapons Level 2, Sensor Tower  
  200  10:10  Barracks Tech Lab  
  200  10:15  Barracks Tech Lab x2  
  200  10:20  Command Center  
  200  10:21  Command Center x2  
  200  10:23  Planetary Fortress  
  200  10:28  Missile Turret  
  200  10:30  Fusion Core  
  200  10:33  Starport  
  200  10:34  Orbital Command  
  200  10:35  Starport, Terran Infantry Armor Level 3, Terran Infantry Weapons Level 3  
  199  10:36  Marine  
  196  10:43  Marine, Marauder x3  
  196  10:44  Refinery  
  196  10:45  Refinery  
  196  10:46  Marine  
  196  10:47  Marine x2, Marauder  
  196  10:49  Marine, Missile Turret  
  181  10:50  Marine x2  
  181  10:54  Marine  
  170  11:00  Marine  
  171  11:04  Marine x3  
  171  11:05  Marauder  
  171  11:09  Missile Turret  
  171  11:10  Marauder, Missile Turret  
  178  11:11  Starport Reactor  
  178  11:12  Starport Reactor, Missile Turret x2  
  178  11:24  Marauder x2  
  182  11:31  Marauder  
  184  11:33  Orbital Command x2  
  184  11:37  Marauder  
  186  11:45  Marauder  
  188  11:47  Liberator x2  
  188  11:48  Liberator x2  
  188  11:53  Marine  
  198  12:04  Marauder x2  
  198  12:05  Marine x2  
  189  12:09  Marine x5, Marauder  
  189  12:10  Marauder  
  189  12:11  Advanced Ballistics  
  189  12:12  Planetary Fortress  
  189  12:15  Marine  
  194  12:23  Marine x2  
  194  12:24  Terran Ship Weapons Level 1  
  194  12:26  Marauder x2  
  200  12:34  Sensor Tower  
  200  12:36  Missile Turret  
  197  12:38  Missile Turret  
  197  12:40  Liberator, Missile Turret  
  200  12:53  Missile Turret  
  200  12:54  Command Center  
  200  12:57  Command Center  
  200  13:00  Command Center  
  200  13:12  Hi-Sec Auto Tracking, Neosteel Armor  
  200  13:19  Missile Turret  
  200  13:21  Missile Turret  
  200  13:23  Caduceus Reactor  
  200  13:31  Missile Turret x3  
  200  13:32  Marine x2, Missile Turret  
  198  13:48  Missile Turret x2  
  198  13:49  Missile Turret  
  198  13:56  Missile Turret  
  198  14:00  Missile Turret  
  198  14:02  Missile Turret x2  
  198  14:03  Missile Turret  
  198  14:04  Missile Turret  
  192  14:21  Terran Ship Weapons Level 2  
  192  14:22  Starport  
  192  14:23  Starport  
  189  14:24  Liberator x2  
  189  14:25  Liberator  
  189  14:27  Starport  
  189  14:28  Orbital Command x2  
  189  14:29  Starport x2  
  197  14:54  Liberator  
  197  14:59  Planetary Fortress  
  198  15:04  Missile Turret x3  
  198  15:06  Missile Turret x2  
  198  15:07  Missile Turret x3  
  197  15:08  Missile Turret  
  197  15:10  Missile Turret  
  196  15:15  Liberator, Missile Turret  
  196  15:16  Liberator, Starport Reactor x2, Sensor Tower  
  196  15:17  Marine, Starport Reactor x3  
  196  15:18  Marine x3  
  191  15:22  Marine  
  191  15:25  Liberator x3, Siege Tank  
  191  15:26  Marine, Marauder  
  186  15:33  Marine, Marauder  
  184  15:37  Liberator  
  185  15:54  Liberator x2  
  185  15:55  Liberator x3  
  200  16:01  Command Center  
  197  16:06  Siege Tank  
  197  16:20  Liberator  
  200  16:29  Refinery  
  200  16:32  Refinery  
  200  16:38  Liberator x2  
  199  16:59  Liberator  
  196  17:03  Marine x6  
  196  17:04  Marauder x3  
  192  17:19  Orbital Command  
  192  17:26  Command Center  
  192  17:27  Marine x2  
  192  17:28  Command Center, Marauder x3  
  200  17:36  Liberator  
  199  17:52  Refinery  
  199  17:55  Marine  
Tags
 
Add a new tag
Caveats
  • Supply blocks, unpowered buildings, or Contaminate may cause inaccurate times.
  • Supply counts are checked every 10 seconds.